 Dungeon Crawl Stone Soup version 0.30-a0-1163-gf69bf04e7a (webtiles) character file.

Game seed: 13236954113210941954

2380 themarg the Frost Mage (level 9, -5/68 HPs)
             Began as a Merfolk Ice Elementalist on Apr 29, 2023.
             Was a Believer of Sif Muna.
             Killed from afar by an electric eel (15 damage)
             ... with a bolt of electricity
             ... on level 7 of the Dungeon.
             The game lasted 00:26:17 (8054 turns).

themarg the Frost Mage (Merfolk Ice Elementalist)   Turns: 8054, Time: 00:26:18

Health: -5/68      AC:  2    Str:  8    XL:     9   Next: 45%
Magic:  10/14      EV: 15    Int: 19    God:    Sif Muna [**....]
Gold:   437        SH:  0    Dex: 14    Spells: 3/14 levels left

rFire   . . .        u - +0 trident
rCold   . . .        (no shield)
rNeg    . . .        a - +0 robe
rPois   .            (no helmet)
rElec   .            (no cloak)
rCorr   .            (no gloves)
SInv    +            (boots currently unavailable)
Will    +....        y - amulet of the acrobat
Stlth   +++          j - ring of see invisible
HPRegen 0.31/turn    J - ring of willpower
MPRegen 0.14/turn

%: acrobat
@: very quick
A: nimble swimmer 2, mertail
a: Renounce Religion, Channel Magic


You were on level 7 of the Dungeon.
You worshipped Sif Muna.
Sif Muna was pleased with you.
You visited 1 branch of the dungeon, and saw 7 of its levels.
You also visited: Ossuary.

You collected 437 gold pieces.

Inventory:

Hand Weapons
 u - a +0 trident (weapon)
 w - the +1 rapier of Foul Odours {venom, rN+}
   (You found it on level 4 of the Dungeon)

   rN:        It protects you from negative energy.
Missiles
 h - 27 stones
 o - 16 poisoned darts
 B - a curare-tipped dart
 G - 5 boomerangs of dispersal
Armour
 a - a +0 robe (worn)
 L - the +2 leather armour of Defiance {rElec Will+ Int-3}
   (You took it off an orc wizard on level 7 of the Dungeon)

   Int:       It affects your intelligence (-3).
   rElec:     It insulates you from electricity.
   Will:      It increases your willpower.
Jewellery
 e - a ring of ice
 j - a ring of see invisible (left hand)
 y - an amulet of the acrobat (around neck)
 J - a ring of willpower (right hand)
Wands
 t - a wand of iceblast (5)
 A - a wand of paralysis (3)
 K - a wand of flame (33)
Scrolls
 c - 4 scrolls of teleportation
 l - 3 scrolls of magic mapping {unknown}
 n - a scroll of brand weapon {unknown}
 p - a scroll of summoning {unknown}
 r - a scroll of acquirement {unknown}
 s - 3 scrolls of amnesia
 v - 3 scrolls of fear {unknown}
 C - a scroll of immolation {unknown}
 F - a scroll of enchant armour {unknown}
 H - 2 scrolls of poison {unknown}
 I - 2 scrolls of fog {unknown}
Potions
 b - a potion of magic
 d - a potion of berserk rage {unknown}
 f - a potion of cancellation {unknown}
 g - 3 potions of haste
 i - a potion of heal wounds
 k - a potion of curing
 m - a potion of mutation {unknown}
 q - 2 potions of flight {unknown}
 x - 2 potions of degeneration {unknown}
 z - 3 potions of lignification
 D - a potion of ambrosia {unknown}
 E - a potion of brilliance {unknown}


   Skills:
 - Level 5.0 Fighting
 - Level 2.6 Dodging
 - Level 2.1 Stealth
 + Level 3.4 Spellcasting
 - Level 2.0 Hexes
 - Level 5.0 Summonings
 - Level 10.0 Ice Magic
 - Level 5.0 Invocations


You had 3 spell levels left.
You knew the following spells:

 Your Spells              Type           Power      Damage    Failure   Level
a - Freeze                Ice            100%       1d10      1%          1
b - Frozen Ramparts       Ice            82%        1d13      1%          3
c - Ozocubu's Armour      Ice            41%        N/A       1%          3
d - Summon Ice Beast      Ice/Summ       31%        N/A       7%          4

Your spell library contained the following spells:

 Spells                   Type           Power      Damage    Failure   Level
 Ensorcelled Hibernation  Hex/Ice        52%        N/A       1%          2
 Sublimation of Blood     Necr           3%         N/A       22%         2
 Wereblood                Tmut           3%         N/A       22%         2
 Ignite Poison            Fire/Tmut/Pois 3%         N/A       41%         3
 Spider Form              Tmut/Pois      3%         N/A       41%         3
 Ice Form                 Ice/Tmut       22%        N/A       19%         4
 Anguish                  Hex/Necr       3%         N/A       67%         4
 Sticky Flame             Conj/Fire      3%         2d3       82%         4
 Summon Hydra             Summ           11%        N/A       100%        7
 Ignition                 Fire           1%         3d3       100%        8


Dungeon Overview and Level Annotations

Branches:
Dungeon (7/15)             Temple (0/1) D:4         Ossuary (visited)

Altars:
Cheibriados
Fedhas
Hepliaklqana
Makhleb
Nemelex Xobeh
Sif Muna
Trog
Wu Jian
Xom
The Shining One

Annotations:
D:7 2 transporters, baller8008's ghost, novice DECj


Innate Abilities, Weirdness & Mutations

You are very nimble when in or above water. (Stealth+, EV+, Speed+++)
Your lower body shifts to a powerful aquatic tail in water.


Message History

Partly explored, unvisited transporter and can't reach some places.
Partly explored, unvisited transporter and can't reach some places.
An electric eel comes into view.
An electric eel comes into view.
The electric eel shoots out a bolt of lightning at you!
The bolt of electricity hits you! A chill wind blows around you.
The electric eel shoots out a bolt of lightning at you!
The bolt of electricity hits the electric eel.
The electric eel completely resists.
The bolt of electricity hits your ice beast!
The bolt of electricity hits you!
You hit the electric eel.
The electric eel is lightly wounded.
The electric eel shoots out a bolt of lightning at you!
The bolt of electricity misses you. The bolt of electricity hits you!
The bolt of electricity hits your ice beast!
An electric eel comes into view.
Your ice beast closely misses the electric eel.
The electric eel shoots out a bolt of lightning at you!
The bolt of electricity misses you. The bolt of electricity hits you!
The bolt of electricity misses your ice beast.
Your ice beast hits the electric eel but does no damage.
The electric eel shoots out a bolt of lightning at you!
The bolt of electricity hits your ice beast!
Your ice beast dies!
Your ice beast disappears in a puff of smoke!
The bolt of electricity hits you!
* * * LOW HITPOINT WARNING * * *
The electric eel shoots out a bolt of lightning at you!
The bolt of electricity hits you!
* * * LOW HITPOINT WARNING * * *
Okay, then.
You feel much better.
The electric eel shoots out a bolt of lightning at you!
The bolt of electricity hits you!
* * * LOW HITPOINT WARNING * * *
The electric eel shoots out a bolt of lightning at you!
The bolt of electricity hits you!
You die...

##≈~≈≈≈≈≈~≈~~...................
####≈≈≈≈≈≈≈≈≈##################
###≈≈≈≈≈### ###≈≈≈## ##≈≈≈##
#≈≈≈≈### ##≈≈≈≈≈## ###≈≈≈≈####
##≈@≈≈≈≈## ##≈≈§S≈≈###≈
###≈S≈≈≈S≈≈ ###≈≈≈≈≈≈ #≈≈≈# ###


You could see 3 electric eels.

Vanquished Creatures
  Sigmund (D:3)
  3 water moccasins
  3 black bears
  2 centaurs
  2 phantoms (D:5)
  A kobold brigand (D:5)
  4 bullfrogs
  2 scorpions
  A wight (D:7)
  An electric eel (D:7)
  2 hounds
  An orc priest (D:5)
  Jessica (D:3)
  2 iguanas
  2 sleepcaps
  Ijyb (D:3)
  6 orc wizards
  2 mummies (Ossuary)
  4 gnolls (D:7)
  An adder (D:2)
  A shadow imp (D:6)
  2 white imps
  A nameless horror (D:7)
  2 ufetubi
  2 adder zombies (Ossuary)
  A worm (D:2)
  A dart slug (D:4)
  8 orcs
  10 ball pythons
  6 bats
  5 endoplasms
  A giant cockroach (D:3)
  4 goblins
  7 hobgoblins
  9 kobolds
  2 quokkas (D:2)
  A frilled lizard (D:3)
  A gnoll zombie (Ossuary)
  2 goblin zombies (Ossuary)
  4 hobgoblin zombies (Ossuary)
  A kobold zombie (Ossuary)
  4 quokka zombies (Ossuary)
  3 rats (D:1)
  A rat zombie (Ossuary)
121 creatures vanquished.

Vanquished Creatures (collateral kills)
  An ice beast (D:7)
  An electric eel (D:7)
  A gnoll bouda (D:7)
  A sleepcap (D:7)
  A mummy (Ossuary)
  A gnoll (D:7)
  An ufetubus (D:7)
  An adder zombie (Ossuary)
  A goblin zombie (Ossuary)
  A hobgoblin zombie (Ossuary)
10 creatures vanquished.

Vanquished Creatures (others)
  7 plants (D:7)
7 creatures vanquished.

Grand Total: 138 creatures vanquished

Notes
Turn   | Place    | Note
-------+----------+-------------------------------------------
     0 | D:1      | themarg the Merfolk Ice Elementalist began the quest for
                  | the Orb.
     0 | D:1      | Reached XP level 1. HP: 13/13 MP: 3/3
   162 | D:1      | Reached XP level 2. HP: 19/19 MP: 3/5
   770 | D:1      | Reached XP level 3. HP: 24/24 MP: 3/6
   823 | D:1      | Learned a level 3 spell: Frozen Ramparts
  1185 | D:2      | Reached skill level 5 in Ice Magic
  1598 | D:2      | Learned a level 3 spell: Ozocubu's Armour
  1955 | D:3      | Noticed Jessica
  1963 | D:3      | Killed Jessica
  1964 | D:3      | Reached XP level 4. HP: 26/30 MP: 2/8
  2147 | D:3      | Found a hazy altar of Hepliaklqana.
  2147 | D:3      | Found a shimmering blue altar of Sif Muna.
  2148 | D:3      | Found a glowing golden altar of the Shining One.
  2154 | D:3      | Became a worshipper of Sif Muna the Loreminder
  2248 | D:3      | Noticed Ijyb
  2274 | D:3      | Killed Ijyb
  2275 | D:3      | Reached skill level 6 in Ice Magic
  2446 | D:3      | Noticed Sigmund
  2458 | D:3      | Killed Sigmund
  2459 | D:3      | Reached skill level 7 in Ice Magic
  2459 | D:3      | Reached XP level 5. HP: 35/35 MP: 0/9
  2459 | D:3      | Reached XP level 6. HP: 41/41 MP: 0/10
  2986 | D:4      | Found a staircase to the Ecumenical Temple.
  3225 | D:4      | Identified the +1 rapier of Foul Odours {venom, rN+}
  3243 | D:4      | Found a hide-covered altar of Uskayaw.
  3245 | D:4      | Found an ornate altar of the Wu Jian Council.
  3245 | D:4      | Found a blossoming altar of Fedhas.
  3247 | D:4      | Found a shimmering altar of Xom.
  3247 | D:4      | Found a blossoming altar of Fedhas.
  3247 | D:4      | Found a shimmering altar of Xom.
  3253 | D:4      | Reached skill level 1 in Summonings
  3510 | D:4      | Found a sparkling altar of Nemelex Xobeh.
  3660 | D:5      | Entered Level 5 of the Dungeon
  3899 | D:5      | Reached skill level 8 in Ice Magic
  3995 | D:5      | Reached XP level 7. HP: 21/46 MP: 2/11
  4472 | D:5      | Found a snail-covered altar of Cheibriados.
  4585 | D:5      | Reached * piety under Sif Muna
  4855 | D:6      | Found a burning altar of Makhleb.
  4996 | D:6      | HP: 2/46 [white imp/puff of frost (8)]
  5006 | D:6      | Reached skill level 9 in Ice Magic
  5006 | D:6      | Reached XP level 8. HP: 10/52 MP: 3/12
  5063 | D:6      | Reached skill level 10 in Ice Magic
  5063 | D:6      | Reached skill level 1 in Fighting
  5068 | D:6      | Learned a level 4 spell: Summon Ice Beast
  5105 | D:6      | Found a sand-covered staircase.
  5112 | Ossuary  | Entered an ossuary
  5499 | Ossuary  | Reached ** piety under Sif Muna
  5855 | D:7      | Reached skill level 1 in Hexes
  6011 | D:7      | Identified the +2 leather armour of Defiance {rElec Will+
                  | Int-3}
  6125 | D:7      | Found a blossoming altar of Fedhas.
  6390 | D:7      | Reached skill level 5 in Summonings
  6390 | D:7      | Reached XP level 9. HP: 40/63 MP: 9/13
  6393 | D:7      | Reached skill level 5 in Fighting
  6551 | D:7      | Reached skill level 1 in Invocations
  6612 | D:7      | Noticed a moth of wrath
  6613 | D:7      | Found a transporter.
  6620 | D:7      | Found a transporter.
  6621 | D:7      | Found a bloodstained altar of Trog.
  6624 | D:7      | Noticed baller8008's ghost (novice DECj)
  7825 | D:7      | Reached skill level 5 in Invocations
  8053 | D:7      | HP: 1/68 [electric eel/bolt of electricity (14)]
  8054 | D:7      | Killed from afar by an electric eel

Illustrated notes

Levels and vault maps discovered:
D:1:      ncdulo_lavacross, layout_basic
D:2:      layout_loops_ring, nicolae_elevator_lobby_plus
D:3:      layout_basic, gammafunk_temple_overflow_claw,
          minmay_misc_feat_hallway, uniq_sigmund, uniq_ijyb, uniq_jessica
D:4:      layout_basic, kennysheep_mini, doesnt_xom_only_xom,
          minmay_temple_entry_glassed_door, nrook_mini_vaults,
          chequers_serial_rivers_micro_b
D:5:      layout_basic, mainiacjoe_overflow_cross_hatched
D:6:      layout_cave_pools, mainiacjoe_overflow_catwalk,
          chequers_ossuary_entry_cave
D:7:      statuecave_lemuel, layout_loops_ring, fedhas_ov_isle_minmay,
          gammafunk_ghost_wrathful_warriors, st_stairs_2

Skill      XL: |  1  2  3  4  5  6  7  8  9 |
---------------+----------------------------+-----
Ice Magic      | 5 7 8 9 10 | 10.0
Spellcasting   | 3 |  3.4
Summonings     | 2 4 5 |  5.0
Fighting       | 4 5 |  5.0
Hexes          | 2 |  2.0
Invocations    | 5 |  5.0
Dodging        | |  2.6
Stealth        | |  2.1

Action                     |  1- 3 |  4- 6 |  7- 9 || total
---------------------------+-------+-------+-------++-------
  Melee: Dagger            |     3 |       |       ||     3
         Spear             |     7 |    12 |       ||    19
         Trident           |       |    27 |   173 ||   200
         Punch             |       |     1 |     1 ||     2
   Cast: Freeze            |    50 |    19 |    23 ||    92
         Frozen Ramparts   |     9 |    14 |    45 ||    68
         Ozocubu's Armour  |       |     6 |     9 ||    15
         Summon Ice Beast  |       |       |    15 ||    15
 Invoke: Channel Magic     |       |       |     1 ||     1
  Evoke: Wand              |       |     5 |     5 ||    10
    Use: Potion            |       |     2 |     3 ||     5
         Scroll            |       |       |     5 ||     5
   Stab: Sleeping          |       |     1 |       ||     1
 Armour: Robe              |    15 |     9 |    37 ||    61
  Dodge: Dodged            |    18 |    23 |   130 ||   171

Table legend: (Time is in decaauts)
 A = Elapsed time spent in this place.
 B = Non-inter-level travel time spent in this place.
 C = Inter-level travel time spent in this place.
 D = Time resting spent in this place.
 E = Time spent auto-exploring this place.
 F = Levels seen in this place.
 G = Mean time per level.
                   A        B        C        D        E       F      G
               +--------+--------+--------+--------+--------+-----+--------+
         Total |   8109 |   7785 |    324 |   1023 |   5293 |   8 | 1013.6 |
       Dungeon |   7644 |   7320 |    324 |    810 |   5226 |   7 | 1092.0 |
       Ossuary |    464 |    464 |      0 |    213 |     67 |   1 |  464.0 |
               +--------+--------+--------+--------+--------+-----+--------+

Top non-repeatable levels by time:
     D:7: 1838 daAuts
     D:5: 1205 daAuts
     D:3: 1196 daAuts
     D:2: 959 daAuts
     D:6: 937 daAuts
     D:1: 871 daAuts
     D:4: 637 daAuts
 Ossuary: 464 daAuts
